 Dungeon Crawl Stone Soup version 0.20.1-1-g8b1a95d (webtiles) character file.

1618 homeworkjunkie the Cleaver (level 8, 0/70 HPs)
             Began as a Hill Orc Fighter on Dec 24, 2017.
             Was a Follower of Okawaru.
             Slain by an orc warrior
             ... wielding a +0 flail
              (10 damage)
             ... on level 6 of the Dungeon on Dec 27, 2017.
             The game lasted 00:08:40 (5177 turns).

homeworkjunkie the Cleaver (Hill Orc Fighter)       Turns: 5177, Time: 00:08:40

Health: 0/70       AC: 13    Str: 18 (20) XL:     8   Next: 96%
Magic:  8/8        EV:  6    Int: 13      God:    Okawaru [*.....]
Gold:   201        SH: 10    Dex: 11      Spells: 7/7 levels left

rFire    x . .     SeeInvis .   a - +0 war axe
rCold    + + .     Gourm    .   c - +0 shield
rNeg     + . .     Faith    .   g - +0 chain mail
rPois    .         Spirit   .   d - +2 helmet
rElec    .         Reflect  .   (no cloak)
rCorr    .         Harm     .   (no gloves)
MR       .....                  (no boots)
Stlth    ..........             (no amulet)
Regen    0.3/turn               e - ring of ice
MPRegen  0.2/turn               i - ring of positive energy

@: brilliant
A: camouflage 1, cold resistance 1
a: Heroism, Renounce Religion, Convert to Beogh


You were on level 6 of the Dungeon.
You worshipped Okawaru.
Okawaru was aware of your devotion.
You were full.

You visited 2 branches of the dungeon, and saw 7 of its levels.
You also visited: Ossuary.

You collected 201 gold pieces.

Inventory:

Hand Weapons
 a - a +0 war axe (weapon)
Armour
 c - a +0 shield (worn)
 d - a +2 helmet (worn)
 g - a +0 chain mail (worn)
Jewellery
 e - a ring of ice (left hand)
 i - a ring of positive energy (right hand)
 s - an uncursed ring of ice
Scrolls
 h - 6 scrolls of identify
Potions
 j - a potion of flight
Comestibles
 f - 4 bread rations


   Skills:
 * Level 6.3 Fighting
 * Level 10.4 Axes
 * Level 5.4 Armour
 + Level 1.3 Dodging
 + Level 0.5 Stealth
 * Level 5.9 Shields


You had 7 spell levels left.
You didn't know any spells.

Dungeon Overview and Level Annotations

Branches:
Dungeon (6/15)             Temple (1/1) D:5

Altars:
Dithmenos
Elyvilon
Fedhas
Gozag
Hepliaklqana
Nemelex Xobeh
Okawaru
Ru
Trog
Uskayaw
Vehumet
Xom
Yredelemnul
Zin
The Shining One

Shops:
D:4 %


Innate Abilities, Weirdness & Mutations

Your skin changes colour to match your surroundings (Stealth+).
Your flesh is cold resistant. (rC+)


Message History

The orc warrior hits you but does no damage.
The orc priest shouts, "Beogh is our master!
Accept the truth or die!"
You hit the orc warrior but do no damage.
The orc warrior is moderately wounded.
You hit the orc priest.
The orc priest invokes the aid of Beogh against you.
Pain shoots through your body!
* * * LOW HITPOINT WARNING * * *
You block the orc warrior's attack.
You feel better.
The orc priest mumbles some strange prayers to Beogh against you.
Beogh smites you!
* * * LOW HITPOINT WARNING * * *
The orc warrior barely misses you.
You hit the orc warrior but do no damage.
The orc warrior is moderately wounded.
You slash the orc priest! The orc priest hits you with a war axe.
* * * LOW HITPOINT WARNING * * *
The orc warrior hits you with a flail!
You die...

..####. .. #
.. .# #.
#######.# # ..
#.......##.#
+...........
#.......##.##.
#o..o)........
#o##.......#+#
#@o#...###....
#..#...+ $..
#..#...# .
...#+...
#.........
#........##
#..... #......


You could see an orc warrior, an orc priest and an orc.

Vanquished Creatures
  The ghost of bmj180 the Shield-Bearer, an amateur HaFi (D:3)
  Sigmund (D:4)
  The ghost of Mesmaeker13 the Skirmisher, an amateur DrSk (D:4)
  Edmund (D:5)
  2 sky beasts (D:5)
  A centaur (D:5)
  An elf zombie (Ossuary)
  A scorpion (D:3)
  2 crimson imps (D:5)
  A quasit (D:5)
  3 orc priests (D:4)
  A bullfrog skeleton (D:5)
  2 orc wizards (D:4)
  Jessica (D:2)
  3 iguanas
  3 worker ants (D:5)
  2 mummies (Ossuary)
  2 adders
  A howler monkey skeleton (D:4)
  A shadow imp (D:5)
  An adder skeleton (D:5)
  An adder zombie (Ossuary)
  2 worms
  A dart slug (D:1)
  4 leopard geckos
  10 orcs
  3 giant cockroaches
  10 goblins
  11 hobgoblins
  12 jackals
  A quokka (D:5)
  A ball python (D:2)
  3 bats
  7 frilled lizards
  A goblin skeleton (D:5)
  4 goblin zombies
  9 hobgoblin zombies
  3 jackal zombies (Ossuary)
  6 kobolds
  2 kobold skeletons (D:5)
  12 kobold zombies (Ossuary)
  10 orc zombies (Ossuary)
  2 rats
  4 rat zombies (Ossuary)
151 creatures vanquished.

Notes
Turn   | Place    | Note
-------+----------+-------------------------------------------
     0 | D:1      | homeworkjunkie the Hill Orc Fighter began the quest for the Orb.
     0 | D:1      | Reached XP level 1. HP: 19/19 MP: 1/1
    59 | D:1      | Reached XP level 2. HP: 26/27 MP: 2/2
    76 | D:1      | Reached skill level 3 in Axes
   368 | D:3      | Reached XP level 3. HP: 32/33 MP: 3/3
   443 | D:3      | Noticed bmj180's ghost (amateur HaFi)
   451 | D:3      | Killed bmj180's ghost
   451 | D:3      | Reached skill level 5 in Axes
   451 | D:3      | Reached XP level 4. HP: 32/41 MP: 4/4
   451 | D:3      | Reached XP level 5. HP: 36/47 MP: 5/5
   555 | D:3      | Reached XP level 6. HP: 53/53 MP: 6/6
   718 | D:3      | Reached skill level 6 in Axes
   865 | D:4      | Found Nilliret's Food Boutique.
   868 | D:4      | Noticed Mesmaeker13's ghost (amateur DrSk)
   882 | D:4      | Killed Mesmaeker13's ghost
   882 | D:4      | Reached skill level 7 in Axes
   882 | D:4      | Reached XP level 7. HP: 42/60 MP: 7/7
   898 | D:5      | Entered Level 5 of the Dungeon
   907 | D:5      | Reached skill level 5 in Fighting
   973 | D:5      | Reached skill level 1 in Dodging
  1169 | D:5      | Found a sand-covered staircase.
  1193 | Ossuary  | Entered an ossuary
  1364 | Ossuary  | Reached skill level 8 in Axes
  1656 | D:2      | Found an iron altar of Okawaru.
  1681 | D:2      | Became a worshipper of Warmaster Okawaru
  1753 | D:3      | Reached skill level 5 in Shields
  1890 | D:2      | Noticed Jessica
  1896 | D:2      | Killed Jessica
  2762 | D:2      | Gained mutation: Your skin changes colour to match your surroundings (Stealth+). [potion of mutation]
  2762 | D:2      | Gained mutation: Your flesh is cold resistant. (rC+) [potion of mutation]
  2911 | D:4      | Reached XP level 8. HP: 24/69 MP: 8/8
  3432 | D:5      | Reached skill level 9 in Axes
  3531 | D:5      | Found a staircase to the Ecumenical Temple.
  3541 | Temple   | Entered the Ecumenical Temple
  3666 | D:5      | Found a glowing golden altar of the Shining One.
  3781 | D:5      | Found a radiant altar of Vehumet.
  4080 | D:4      | Reached skill level 5 in Armour
  4421 | D:4      | Noticed Sigmund
  4434 | D:4      | Killed Sigmund
  4434 | D:4      | Reached * piety under Okawaru
  4434 | D:4      | Reached skill level 10 in Axes
  4913 | D:6      | Noticed Edmund
  4962 | D:5      | Killed Edmund
  5177 | D:6      | Slain by an orc warrior

Skill      XL: |  1  2  3  4  5  6  7  8 |
---------------+-------------------------+-----
Axes           | 3 5 7 8 10 | 10.4
Fighting       | 4 5 6 |  6.3
Armour         | 4 5 |  5.4
Shields        | 4 5 |  5.9
Dodging        | 1 |  1.3
Stealth        | |  0.5

Action                   |  1- 3 |  4- 6 |  7- 9 || total
-------------------------+-------+-------+-------++-------
Melee: War axe           |    64 |    52 |   416 ||   532
  Use: Scroll            |     1 |       |     6 ||     7
       Potion            |     2 |       |    13 ||    15
  Eat: Royal jelly       |       |     2 |     1 ||     3
       Meat ration       |       |       |     1 ||     1
       Bread ration      |       |       |     2 ||     2
Armor: Scale mail        |    21 |    16 |   134 ||   171
       Chain mail        |       |       |    60 ||    60
Dodge: Dodged            |    23 |    12 |   105 ||   140
Block: Shield            |    34 |    27 |   195 ||   256
